NYP
STATE COLLEGE SPIKES @ LOS ANGELES (NYP) DODGERS
04/30/2045
 
TOP OF THE 1ST
State College Spikes batting - Pitching for Los Angeles (NYP) Dodgers : RHP Pat Adams
Pitching: RHP Pat Adams
Batting: RHB Francisco Vargas 0-0: Swinging Strike
0-1: Foul Ball, location: 2F
0-2: Ball
1-2: Ground out 3-1 (Groundball, 34, EV 106.9 MPH)
Batting: RHB Immel Kamuzu 0-0: Foul Ball, location: 2F
0-1: Ball
1-1: Swinging Strike
1-2: Strikes out swinging
Batting: RHB John Peterson 0-0: Called Strike
0-1: Called Strike
0-2: Ball
1-2: Ball
2-2: Foul Ball, location: 2F
2-2: Ball
3-2: Base on Balls
Batting: RHB Pat Scaturro 0-0: Ball
1-0: Called Strike
1-1: Ball
2-1: Swinging Strike
John Peterson steals 2nd base (no throw)
2-2: Ball
3-2: Fly out, F2 (Popup, 23F, EV 80.6 MPH)
Top of the 1st over - 0 runs, 0 hits, 0 errors, 1 left on base; State College 0 - Los Angeles (NYP) 0
BOTTOM OF THE 1ST
Los Angeles (NYP) Dodgers batting - Pitching for State College Spikes : RHP Josh Sandoval
Pitching: RHP Josh Sandoval
Batting: LHB Nate Kee 0-0: Called Strike
0-1: Swinging Strike
0-2: Ball
1-2: Foul Ball, location: 2F
1-2: Strikes out swinging, 2-3 out at first.
Batting: LHB Stephen Van Raalte 0-0: Ball
1-0: Swinging Strike
1-1: Foul Ball, location: 2F
1-2: Foul Ball, location: 2F
1-2: Strikes out swinging
Batting: RHB Jonathan Kirsch 0-0: Fly out, F8 (Flyball, 8RXD, EV 100.6 MPH)
Bottom of the 1st over - 0 runs, 0 hits, 0 errors, 0 left on base; State College 0 - Los Angeles (NYP) 0
TOP OF THE 2ND
State College Spikes batting - Pitching for Los Angeles (NYP) Dodgers : RHP Pat Adams
Batting: RHB Chris LaReau 0-0: Ball
1-0: Ball
2-0: Ball
3-0: Base on Balls
Batting: SHB Steve Barnett 0-0: Ball
1-0: Ball
2-0: Foul Ball, location: 2F
2-1: Foul Ball, location: 2F
2-2: Ball
Wild Pitch!
Chris LaReau to second
3-2: Base on Balls
Batting: RHB Richard Riggs 0-0: Ball
1-0: Fielders Choice at 2nd, 4-6 (Groundball, 4, EV 87.5 MPH)
Chris LaReau to third
Batting: RHB Austin Akers 0-0: Ball
1-0: Ball
2-0: Called Strike
2-1: Called Strike
Pickoff Throw to First - Out! 1-3
2-2: Ball
3-2: Foul Ball, location: 2F
3-2: Foul Ball, location: 2F
3-2: DOUBLE (Line Drive, 78D, EV 105.0 MPH)
Chris LaReau scores
Batting: SHB Hank Arias 0-0: Ball
1-0: Called Strike
1-1: Foul Ball, location: 2F
1-2: Ball
2-2: Strikes out looking
Top of the 2nd over - 1 run, 1 hit, 0 errors, 1 left on base; State College 1 - Los Angeles (NYP) 0
BOTTOM OF THE 2ND
Los Angeles (NYP) Dodgers batting - Pitching for State College Spikes : RHP Josh Sandoval
Batting: RHB David Watkins 0-0: Called Strike
0-1: Called Strike
0-2: Foul Ball, location: 2F
0-2: SINGLE (Line Drive, 9S, EV 100.0 MPH)
Batting: RHB Justin Curran 0-0: Ball
1-0: Ball
2-0: Swinging Strike
2-1: Ball
3-1: Foul Ball, location: 2F
3-2: Strikes out swinging
Batting: RHB Charles Blatchford 0-0: Ball
1-0: Foul Ball, location: 2F
1-1: Swinging Strike
1-2: Strikes out swinging
Batting: LHB Mesfin Azagba 0-0: Called Strike
0-1: Foul Ball, location: 2F
0-2: Ground out U3 (Groundball, 3, EV 96.9 MPH)
Bottom of the 2nd over - 0 runs, 1 hit, 0 errors, 1 left on base; State College 1 - Los Angeles (NYP) 0
TOP OF THE 3RD
State College Spikes batting - Pitching for Los Angeles (NYP) Dodgers : RHP Pat Adams
Batting: RHB Francisco Vargas 0-0: Called Strike
0-1: Foul Ball, location: 2F
0-2: Ball
1-2: Ball
2-2: Ball
3-2: Foul Ball, location: 2F
3-2: Foul Ball, location: 2F
3-2: SINGLE (Groundball, 56D, EV 103.1 MPH) (infield hit)
Batting: RHB Immel Kamuzu 0-0: Ball
1-0: Called Strike
1-1: Ball
2-1: Ball
3-1: Base on Balls
Francisco Vargas to second
Batting: RHB John Peterson 0-0: Ball
1-0: Ball
2-0: Called Strike
2-1: Ball
3-1: Base on Balls
Francisco Vargas to third
Immel Kamuzu to second
Pitching: RHP Luis Hinostroza
Batting: RHB Pat Scaturro 0-0: Ball
1-0: Swinging Strike
1-1: Grounds into double play, 5-4-3 (Groundball, 56S, EV 75.6 MPH)
Francisco Vargas scores
Immel Kamuzu to third
Batting: RHB Chris LaReau 0-0: Ball
1-0: Foul Ball, location: 2F
1-1: SINGLE (Flyball, 4D, EV 85.6 MPH)
Immel Kamuzu scores
Batting: SHB Steve Barnett 0-0: Ball
Wild Pitch!
Chris LaReau to second
1-0: SINGLE (Line Drive, 3D, EV 107.5 MPH)
Chris LaReau to third
Batting: RHB Richard Riggs 0-0: Ball
Wild Pitch!
Chris LaReau scores
Steve Barnett to second
1-0: Called Strike
1-1: Ball
2-1: Ball
3-1: Called Strike
3-2: Foul Ball, location: 2F
3-2: Base on Balls
Batting: RHB Austin Akers 0-0: Fielders Choice at 2nd, 6-4 (Groundball, 6, EV 82.5 MPH)
Top of the 3rd over - 3 runs, 3 hits, 0 errors, 2 left on base; State College 4 - Los Angeles (NYP) 0
BOTTOM OF THE 3RD
Los Angeles (NYP) Dodgers batting - Pitching for State College Spikes : RHP Josh Sandoval
Batting: SHB Josh Vaill 0-0: Ball
1-0: Ground out U3 (Groundball, 34, EV 88.8 MPH)
Batting: RHB Will Barksdale 0-0: Ball
1-0: Swinging Strike
1-1: SINGLE (Line Drive, 9S, EV 85.0 MPH)
Batting: LHB Nate Kee 0-0: Swinging Strike
0-1: Hit by Pitch
Will Barksdale to second
Batting: LHB Stephen Van Raalte 0-0: Called Strike
0-1: Called Strike
0-2: Strikes out swinging
Batting: RHB Jonathan Kirsch 0-0: Ball
1-0: Called Strike
1-1: Called Strike
1-2: Ball
2-2: Strikes out swinging
Bottom of the 3rd over - 0 runs, 1 hit, 0 errors, 2 left on base; State College 4 - Los Angeles (NYP) 0
TOP OF THE 4TH
State College Spikes batting - Pitching for Los Angeles (NYP) Dodgers : RHP Luis Hinostroza
Batting: SHB Hank Arias 0-0: Called Strike
0-1: Ground out 6-3 (Groundball, 6, EV 90.0 MPH)
Batting: RHB Francisco Vargas 0-0: Ball
1-0: Ball
2-0: Ball
3-0: Base on Balls
Batting: RHB Immel Kamuzu 0-0: Ball
Francisco Vargas steals 2nd base
1-0: Called Strike
Francisco Vargas steals 3rd base
1-1: Called Strike
1-2: Foul Ball, location: 2F
1-2: Ball
2-2: Ball
3-2: Base on Balls
Batting: RHB John Peterson 0-0: Called Strike
0-1: Fielders Choice at 2nd, 4-6 (Groundball, 4, EV 81.2 MPH)
Francisco Vargas scores
Batting: RHB Pat Scaturro 0-0: Ball
John Peterson steals 2nd base
1-0: 2-RUN HOME RUN (Flyball, 7D, EV 97.5 MPH), Distance : 387 ft
Batting: RHB Chris LaReau 0-0: Called Strike
0-1: Ball
1-1: Ball
2-1: Fly out, F8 (Flyball, 8RD, EV 102.5 MPH)
Top of the 4th over - 3 runs, 1 hit, 0 errors, 0 left on base; State College 7 - Los Angeles (NYP) 0
BOTTOM OF THE 4TH
Los Angeles (NYP) Dodgers batting - Pitching for State College Spikes : RHP Josh Sandoval
Batting: RHB David Watkins 0-0: Foul Ball, location: 2F
0-1: Ball
1-1: Ground out 5-3 (Groundball, 56S, EV 88.1 MPH)
Batting: RHB Justin Curran 0-0: SINGLE (Groundball, 6MD, EV 100.0 MPH)
Batting: RHB Charles Blatchford 0-0: Grounds into double play, 4-6-3 (Groundball, 4, EV 83.1 MPH)
Bottom of the 4th over - 0 runs, 1 hit, 0 errors, 0 left on base; State College 7 - Los Angeles (NYP) 0
TOP OF THE 5TH
State College Spikes batting - Pitching for Los Angeles (NYP) Dodgers : RHP Luis Hinostroza
Batting: SHB Steve Barnett 0-0: Ball
1-0: Ball
2-0: Ball
3-0: Base on Balls
Batting: RHB Richard Riggs 0-0: Ball
1-0: Called Strike
1-1: SINGLE (Groundball, 6MD, EV 106.9 MPH) (infield hit)
Steve Barnett to second
Batting: RHB Austin Akers 0-0: Called Strike
0-1: Ball
1-1: Foul Ball, location: 2F
1-2: SINGLE (Line Drive, 6D, EV 98.8 MPH)
Steve Barnett to third
Richard Riggs to second
Runner from 3rd tries for Home, SAFE, throw by LF to home
Batting: SHB Hank Arias 0-0: Fielders Choice at 2nd, 6-4 (Groundball, 56, EV 87.5 MPH)
Richard Riggs to third
Batting: RHB Francisco Vargas 0-0: Ball
1-0: Ball
2-0: Ball
3-0: Base on Balls
Hank Arias to second
Batting: RHB Immel Kamuzu 0-0: Ball
1-0: Ball
2-0: Ball
3-0: Called Strike
3-1: GRAND SLAM HOME RUN (Flyball, 78XD, EV 113.8 MPH), Distance : 436 ft
Pitching: RHP Ruben Irizarry
Batting: RHB John Peterson 0-0: Ball
1-0: Called Strike
1-1: Swinging Strike
1-2: Ball
2-2: Foul Ball, location: 2F
2-2: Ball
3-2: Foul Ball, location: 2F
3-2: Base on Balls
Batting: RHB Pat Scaturro 0-0: Ball
1-0: Called Strike
1-1: Called Strike
1-2: Strikes out swinging
Batting: RHB Chris LaReau 0-0: Ball
1-0: Foul Ball, location: 2F
1-1: Called Strike
1-2: 2-RUN HOME RUN (Flyball, 7D, EV 99.4 MPH), Distance : 382 ft
Batting: SHB Steve Barnett 0-0: Ball
1-0: Called Strike
1-1: Ball
2-1: Ground out 2-3 (Groundball, 2R, EV 70.0 MPH)
Top of the 5th over - 7 runs, 4 hits, 0 errors, 0 left on base; State College 14 - Los Angeles (NYP) 0
BOTTOM OF THE 5TH
Los Angeles (NYP) Dodgers batting - Pitching for State College Spikes : RHP Josh Sandoval
Batting: LHB Mesfin Azagba 0-0: Ball
1-0: SINGLE (Groundball, 6MD, EV 98.8 MPH)
Batting: SHB Josh Vaill 0-0: Foul Ball, location: 2F
0-1: Grounds into double play, 6-4-3 (Groundball, 56, EV 87.5 MPH)
Batting: RHB Will Barksdale 0-0: Foul Ball, location: 2F
0-1: Foul Ball, location: 2F
0-2: Ground out 2-3 (Groundball, 2R, EV 75.6 MPH)
Bottom of the 5th over - 0 runs, 1 hit, 0 errors, 0 left on base; State College 14 - Los Angeles (NYP) 0
TOP OF THE 6TH
State College Spikes batting - Pitching for Los Angeles (NYP) Dodgers : RHP Ruben Irizarry
Pitching: RHP Joe Bower
Batting: RHB Richard Riggs 0-0: Ball
1-0: Fly out, F9 (Line Drive, 9, EV 88.1 MPH)
Batting: RHB Austin Akers 0-0: Called Strike
0-1: Ground out 6-3 (Groundball, 56, EV 85.0 MPH)
Batting: SHB Hank Arias 0-0: Ball
1-0: Ball
2-0: Ball
3-0: Called Strike
3-1: Base on Balls
Batting: RHB Francisco Vargas 0-0: Called Strike
0-1: Ball
1-1: Foul Ball, location: 2F
1-2: Foul Ball, location: 2F
1-2: Ball
2-2: Ball
3-2: Base on Balls
Hank Arias to second
Batting: RHB Immel Kamuzu 0-0: Ball
1-0: Ball
Passed Ball!
Hank Arias to third
Francisco Vargas to second
2-0: Ball
3-0: Called Strike
3-1: Base on Balls
Pitching: RHP Mike Kaczor
Batting: RHB John Peterson 0-0: Hit by Pitch
Hank Arias scores
Francisco Vargas to third
Immel Kamuzu to second
Batting: RHB Pat Scaturro 0-0: Ball
1-0: Fielders Choice at 2nd, 6-4 (Groundball, 6, EV 87.5 MPH)
Top of the 6th over - 1 run, 0 hits, 0 errors, 3 left on base; State College 15 - Los Angeles (NYP) 0
BOTTOM OF THE 6TH
Los Angeles (NYP) Dodgers batting - Pitching for State College Spikes : RHP Josh Sandoval
Batting: LHB Nate Kee 0-0: Called Strike
0-1: Swinging Strike
0-2: Strikes out looking
Batting: LHB Stephen Van Raalte 0-0: Foul Ball, location: 2F
0-1: Called Strike
0-2: Ball
1-2: Foul Ball, location: 2F
1-2: Ball
2-2: Strikes out swinging
Batting: RHB Jonathan Kirsch 0-0: Ball
1-0: Swinging Strike
1-1: Ball
2-1: Called Strike
2-2: Foul Ball, location: 2F
2-2: Ball
3-2: Strikes out swinging
Bottom of the 6th over - 0 runs, 0 hits, 0 errors, 0 left on base; State College 15 - Los Angeles (NYP) 0
TOP OF THE 7TH
State College Spikes batting - Pitching for Los Angeles (NYP) Dodgers : RHP Mike Kaczor
Batting: RHB Chris LaReau 0-0: Called Strike
0-1: Ball
1-1: Ball
2-1: Ball
3-1: Base on Balls
Batting: SHB Steve Barnett 0-0: Ball
Passed Ball!
Chris LaReau to second
1-0: Called Strike
1-1: SINGLE (Line Drive, 4M, EV 106.9 MPH)
Chris LaReau to third
Batting: RHB Richard Riggs 0-0: Foul Ball, location: 2F
0-1: Ball
1-1: SINGLE (Line Drive, 3L, EV 103.1 MPH)
Chris LaReau scores
Steve Barnett to second
Batting: RHB Austin Akers 0-0: Ball
1-0: Ball
2-0: Called Strike
2-1: Fly out, F8 (Flyball, 8LD, EV 94.4 MPH)
Pinch Hitting: SHB Miguel Macias 0-0: Ball
1-0: Ball
2-0: Ball
3-0: Base on Balls
Steve Barnett to third
Richard Riggs to second
Batting: RHB Francisco Vargas 0-0: Ball
1-0: Fielders Choice at 2nd, 6-4 (Groundball, 6, EV 101.2 MPH)
Steve Barnett scores
Richard Riggs to third
Batting: RHB Immel Kamuzu 0-0: Called Strike
0-1: Reaches on Catchers interference
Francisco Vargas to second
Batting: RHB John Peterson 0-0: Ball
1-0: Ball
2-0: Ball
3-0: Base on Balls
Richard Riggs scores
Francisco Vargas to third
Immel Kamuzu to second
Batting: RHB Pat Scaturro 0-0: Ball
1-0: Called Strike
1-1: Ball
2-1: SINGLE (Line Drive, 9S, EV 99.4 MPH)
Francisco Vargas scores
Immel Kamuzu to third
John Peterson to second
Batting: RHB Chris LaReau 0-0: Ball
1-0: Called Strike
1-1: GRAND SLAM HOME RUN (Flyball, 8LXD, EV 107.5 MPH), Distance : 451 ft
Batting: SHB Steve Barnett 0-0: Foul Ball, location: 2F
0-1: SINGLE (Groundball, 56, EV 98.8 MPH) (infield hit)
Batting: RHB Richard Riggs 0-0: Ground out 4-3 (Groundball, 4, EV 88.1 MPH)
Top of the 7th over - 8 runs, 5 hits, 1 error, 1 left on base; State College 23 - Los Angeles (NYP) 0
BOTTOM OF THE 7TH
Los Angeles (NYP) Dodgers batting - Pitching for State College Spikes : RHP Josh Sandoval
Now in CF: Miguel Macias
Batting: RHB David Watkins 0-0: SINGLE (Line Drive, 89S, EV 108.1 MPH)
Batting: RHB Justin Curran 0-0: SINGLE (Flyball, 9LS, EV 92.5 MPH)
David Watkins to second
Batting: RHB Charles Blatchford 0-0: Ball
1-0: SINGLE (Groundball, 34D, EV 105.6 MPH)
David Watkins to third
Justin Curran to second
Runner from 3rd tries for Home, SAFE, throw by RF to home
Batting: LHB Mesfin Azagba 0-0: Grounds into double play, 6-4-3 (Groundball, 6S, EV 92.5 MPH)
Justin Curran to third
Batting: SHB Josh Vaill 0-0: Called Strike
0-1: Ball
1-1: Foul Ball, location: 2F
1-2: Foul Ball, location: 2F
1-2: SINGLE (Groundball, 34D, EV 98.8 MPH)
Justin Curran scores
Batting: RHB Will Barksdale 0-0: Ball
1-0: Foul Ball, location: 2F
1-1: Foul Ball, location: 2F
1-2: Strikes out swinging
Bottom of the 7th over - 2 runs, 4 hits, 0 errors, 1 left on base; State College 23 - Los Angeles (NYP) 2
TOP OF THE 8TH
State College Spikes batting - Pitching for Los Angeles (NYP) Dodgers : RHP Mike Kaczor
Batting: RHB Austin Akers 0-0: Ball
1-0: Called Strike
1-1: Fly out, F7 (Line Drive, 7D, EV 93.1 MPH)
Batting: SHB Miguel Macias 0-0: DOUBLE (Groundball, 3L, EV 100.6 MPH)
Batting: RHB Francisco Vargas 0-0: Ball
1-0: Ball
2-0: Foul Ball, location: 2F
2-1: Called Strike
2-2: Ball
3-2: Base on Balls
Batting: RHB Immel Kamuzu 0-0: Ball
1-0: Ball
2-0: Ball
3-0: Called Strike
3-1: Swinging Strike
3-2: Foul Ball, location: 2F
3-2: Strikes out swinging
Miguel Macias steals 3rd base
Batter strikes out.
Francisco Vargas to second
Batting: RHB John Peterson 0-0: Ball
1-0: SINGLE (Line Drive, 9S, EV 89.4 MPH)
Miguel Macias scores
Francisco Vargas to third
Runner from 3rd tries for Home, SAFE, throw by RF to home
Batting: RHB Pat Scaturro
Pinch Hitting: RHB Mike Griffin 0-0: Foul Ball, location: 2F
0-1: Fly out, F3 (Popup, 3F, EV 63.8 MPH)
Top of the 8th over - 2 runs, 2 hits, 0 errors, 1 left on base; State College 25 - Los Angeles (NYP) 2
BOTTOM OF THE 8TH
Los Angeles (NYP) Dodgers batting - Pitching for State College Spikes : RHP Josh Sandoval
Now at 2B: Mike Griffin
Batting: LHB Nate Kee 0-0: Called Strike
0-1: Called Strike
0-2: Foul Ball, location: 2F
0-2: Ball
1-2: Foul Ball, location: 2F
1-2: Ball
2-2: Strikes out looking
Batting: LHB Stephen Van Raalte 0-0: Ball
1-0: DOUBLE (Flyball, 8LD, EV 98.8 MPH)
Batting: RHB Jonathan Kirsch 0-0: Ball
1-0: DOUBLE (Line Drive, 89D, EV 107.5 MPH)
Stephen Van Raalte scores
Batting: RHB David Watkins 0-0: Ball
1-0: Ball
2-0: Called Strike
2-1: Foul Ball, location: 2F
2-2: Ball
3-2: Foul Ball, location: 2F
3-2: SINGLE (Groundball, 6D, EV 105.0 MPH)
Jonathan Kirsch to third
Pitching: RHP Ryan Manley
Batting: RHB Justin Curran 0-0: Swinging Strike
0-1: Ball
Wild Pitch!
Jonathan Kirsch scores
David Watkins to second
1-1: Swinging Strike
1-2: Foul Ball, location: 2F
1-2: Strikes out looking
Batting: RHB Charles Blatchford 0-0: Ball
1-0: Called Strike
1-1: SINGLE (Line Drive, 4M, EV 96.2 MPH)
David Watkins to third
Batting: LHB Mesfin Azagba 0-0: Called Strike
0-1: Ball
1-1: Ball
2-1: Ball
3-1: Base on Balls
Charles Blatchford to second
Batting: SHB Josh Vaill 0-0: Ball
1-0: Foul Ball, location: 2F
1-1: Swinging Strike
1-2: Foul Ball, location: 2F
1-2: Ball
2-2: Ball
3-2: Foul Ball, location: 2F
3-2: Ground out 4-3 (Groundball, 4, EV 86.2 MPH)
Bottom of the 8th over - 2 runs, 4 hits, 0 errors, 3 left on base; State College 25 - Los Angeles (NYP) 4
TOP OF THE 9TH
State College Spikes batting - Pitching for Los Angeles (NYP) Dodgers : RHP Mike Kaczor
Batting: RHB Chris LaReau 0-0: Ball
1-0: Called Strike
1-1: Called Strike
1-2: Ball
2-2: Ball
3-2: Base on Balls
Batting: SHB Steve Barnett 0-0: Swinging Strike
0-1: DOUBLE (Groundball, 5L, EV 100.6 MPH)
Chris LaReau to third
Batting: RHB Richard Riggs 0-0: 3-RUN HOME RUN (Line Drive, 7D, EV 108.1 MPH), Distance : 383 ft
Batting: RHB Austin Akers 0-0: TRIPLE (Flyball, 89XD, EV 97.5 MPH)
Batting: SHB Miguel Macias 0-0: Fly out, F7 (Flyball, 7LS, EV 79.4 MPH)
Batting: RHB Francisco Vargas 0-0: Called Strike
0-1: Ground out 5-3 (Groundball, 56, EV 90.0 MPH)
Austin Akers scores
Batting: RHB Immel Kamuzu 0-0: Ball
1-0: Ball
2-0: Swinging Strike
2-1: Ball
3-1: Base on Balls
Batting: RHB John Peterson 0-0: SINGLE (Line Drive, 5D, EV 99.4 MPH)
Immel Kamuzu to second
Batting: RHB Mike Griffin Balk!
Immel Kamuzu to third
John Peterson to second
0-0: Ball
1-0: Swinging Strike
1-1: Ball
2-1: Foul Ball, location: 2F
2-2: Foul Ball, location: 2F
2-2: Ball
3-2: Base on Balls
Batting: RHB Chris LaReau 0-0: Ball
1-0: SINGLE (Groundball, 6D, EV 103.1 MPH)
Immel Kamuzu scores
John Peterson to third
Mike Griffin to second
Runner from 3rd tries for Home, SAFE, throw by CF to home
Batting: SHB Steve Barnett 0-0: Ball
1-0: Ball
2-0: Ball
3-0: Called Strike
3-1: Base on Balls
Mike Griffin to third
Chris LaReau to second
Batting: RHB Richard Riggs 0-0: Called Strike
0-1: Fly out, F8 (Line Drive, 8RM, EV 100.0 MPH)
Top of the 9th over - 6 runs, 5 hits, 0 errors, 3 left on base; State College 31 - Los Angeles (NYP) 4
BOTTOM OF THE 9TH
Los Angeles (NYP) Dodgers batting - Pitching for State College Spikes : RHP Ryan Manley
Batting: RHB Will Barksdale 0-0: Ball
1-0: Ball
2-0: Foul Ball, location: 2F
2-1: Foul Ball, location: 2F
2-2: SINGLE (Groundball, 56D, EV 94.4 MPH)
Batting: LHB Nate Kee 0-0: Ball
1-0: Foul Ball, location: 2F
1-1: Ball
2-1: Foul Ball, location: 2F
2-2: Strikes out looking
Batting: LHB Stephen Van Raalte 0-0: Called Strike
0-1: Ball
1-1: Called Strike
1-2: Strikes out swinging
Batting: RHB Jonathan Kirsch 0-0: Called Strike
0-1: Called Strike
0-2: Fly out, F7 (Line Drive, 7, EV 90.6 MPH)
Bottom of the 9th over - 0 runs, 1 hit, 0 errors, 1 left on base; State College 31 - Los Angeles (NYP) 4
Wednesday, June 22nd , 2022 - OOTP Baseball 23.4 Build 64